 Dungeon Crawl Stone Soup version 0.20.0-15-g7f486f2 (webtiles) character file.

39 viledemon the Insei (level 3, -2/31 HPs)
             Began as a Demonspawn Monk on June 11, 2017.
             Slain by a gnoll
             ... wielding a +0 spear
              (5 damage)
             ... on level 2 of the Dungeon.
             The game lasted 00:04:10 (1408 turns).

viledemon the Insei (Demonspawn Monk)               Turns: 1408, Time: 00:04:10

Health: -2/31      AC:  2    Str:  8 (11) XL:     3   Next: 26%
Magic:  0/3        EV: 13    Int:  8 (11) God:
Gold:   65         SH:  0    Dex: 15 (16) Spells: 2/2 levels left

rFire    . . .     SeeInvis .     - Unarmed
rCold    . . .     Gourm    .   (no shield)
rNeg     . . .     Faith    .   a - +0 robe
rPois    .         Spirit   +   (helmet restricted)
rElec    .         Reflect  .   (no cloak)
rCorr    .         Harm     .   (no gloves)
MR       .....                  (no boots)
Stlth    ++........             (no amulet)
Regen    0.1/turn               (no ring)
MPRegen  0.2/turn               (no ring)

@: about to teleport
A: horns 1, robust 1, magic shield, magic regeneration, subdued magic 1
a: no special abilities


You were on level 2 of the Dungeon.
You were hungry.

You visited 1 branch of the dungeon, and saw 2 of its levels.

You collected 65 gold pieces.

Inventory:

Hand Weapons
 h - a +2 vampiric short sword
Armour
 a - a +0 robe (worn)
Jewellery
 g - a +6 ring of evasion {unknown}
Potions
 c - a potion of haste
 e - 3 potions of cancellation
Comestibles
 b - a bread ration
 f - 4 meat rations


   Skills:
 + Level 3.2 Fighting
 + Level 2.8 Dodging
 - Level 1.7 Stealth
 * Level 3.7 Unarmed Combat


You had 2 spell levels left.
You didn't know any spells.

Dungeon Overview and Level Annotations

Branches:
Dungeon (2/15)

Altars:


Innate Abilities, Weirdness & Mutations

When hurt, damage is shared between your health and your magic reserves.
You regenerate magic rapidly.
You have a pair of small horns on your head.
You are robust. (+10% HP)
Your spells are a little easier to cast, but a little less powerful.


Message History

g - a jade ring The gnoll hits you!
You hit the gnoll but do no damage. The gnoll misses you.
You hit the gnoll but do no damage. Your headbutt misses the gnoll.
The gnoll completely misses you.
You closely miss the gnoll. The gnoll hits you.
You hit the gnoll.
The gnoll is moderately wounded.
The gnoll barely misses you. x2
You hit the gnoll.
The gnoll is severely wounded.
The gnoll hits you!
The gnoll hits you from afar with a spear!
* * * LOW HITPOINT WARNING * * *
Okay, then.
As you read the scroll of teleportation, it crumbles to dust.
You feel strangely unstable. The gnoll hits you.
* * * LOW HITPOINT WARNING * * *
The gnoll hits you from afar with a spear.
You die...

..#..# . #.#..#
.. #.#w.#...
#........
#<....#
.S#####.รท.#<...
#.....gg### .
#.##.##g# # #@#
........#
#.##.#### #


You could see a worm and 3 gnolls.

Vanquished Creatures
  A gnoll (D:1)
  An ooze (D:1)
  4 goblins (D:1)
  5 hobgoblins (D:1)
  A ball python (D:1)
  4 bats (D:1)
  2 frilled lizards (D:1)
  4 kobolds (D:1)
  5 rats
27 creatures vanquished.

Notes
Turn   | Place    | Note
-------+----------+-------------------------------------------
     0 | D:1      | viledemon the Demonspawn Monk began the quest for the Orb.
     0 | D:1      | Reached XP level 1. HP: 18/18 MP: 1/1
   209 | D:1      | Gained mutation: When hurt, damage is shared between your health and your magic reserves. [demonic ancestry]
   209 | D:1      | Reached XP level 2. HP: 18/24 MP: 2/2
   564 | D:1      | Gained mutation: You are robust. (+10% HP) [potion of mutation]
   564 | D:1      | Gained mutation: Your spells are a little easier to cast, but a little less powerful. [potion of mutation]
   564 | D:1      | Gained mutation: You have a pair of small horns on your head. [potion of mutation]
  1012 | D:1      | Gained mutation: You regenerate magic rapidly. [demonic ancestry]
  1012 | D:1      | Reached XP level 3. HP: 31/31 MP: 3/3
  1081 | D:1      | HP: 1/31 [gnoll/whip (3)]
  1408 | D:2      | Slain by a gnoll

Skill      XL: |  1 |
---------------+----+-----
Unarmed Combat | 3 |  3.7
Fighting       | |  3.2
Dodging        | |  2.8
Stealth        | |  1.7

Action                   || total
-------------------------++-------
Melee: Unarmed           ||    94
       Punch             ||     1
       Headbutt          ||     5
  Use: Potion            ||     5
       Scroll            ||     3
 Stab: Sleeping          ||     3
       Distracted        ||     1
  Eat: Chunk             ||     1
Armor: Robe              ||    10
Dodge: Dodged            ||    51
